 Dungeon Crawl Stone Soup version 0.14-a0-3337-gf4615ed (console) character file.

67924 gheis the Basher (level 14, -3/117 (118) HPs)
             Began as a Lava Orc Chaos Knight on Mar 16, 2014.
             Was a Plaything of Xom.
             Shot with a bolt of flame by Saint Roka (4 damage)
             ... on Level 4 of the Orcish Mines.
             The game lasted 03:54:52 (21379 turns).

gheis the Basher (Lava Orc Chaos Knight)           Turns: 21379, Time: 03:54:52

HP  -3/117 (118) AC 28     Str 20      XL: 14   Next: 74%
MP   0/20        EV  6     Int 11 (14) God: Xom
Gold 2899        SH 24     Dex  3 (10) Spells:  0 memorised, 13 levels left

rFire  + + +     SeeInvis .     w - +9,+8 flail "Thraunkecko" {vamp, rF+ rN+}
rCold  x . .     Clarity  +     e - +1 plate armour
rNeg   + . .     Conserve .     T - +0 shield
rPois  .         rCorr    .     (helmet restricted)
rElec  +         rRot     .     n - +0 cloak
SustAb . .       Spirit   +     l - +0 pair of gloves
rMut   .         Warding  .     (no boots)
Saprov + . .     Stasis   .     A - amulet of guardian spirit
MR     +....                    f - ring of flight
                                v - ring of Robustness {AC+8}

@: somewhat resistant to hostile enchantments, extremely unstealthy
A: horns 1, talons 2, rugged brown scales 1, clarity, clever 1, conserve
scrolls, deterioration 1, herbivore 1, frail 1, high mp 1, magic resistance 1,
saprovore 1, electricity resistance, slow metabolism 1, wild magic 1, evolution
1
a: Renounce Religion, Convert to Beogh, Evoke Flight


You were on level 4 of the Orcish Mines.
You worshipped Xom.
You were a plaything of Xom.
You were not hungry.

You visited 4 branches of the dungeon, and saw 23 of its levels.
You visited the Abyss 1 time.
You also visited: Sewer and Volcano.

You collected 2899 gold pieces.

Inventory:

Hand weapons
 b - the +7,+5 trident "Killer Bee's Peril" {pierce, rF+}
   (You found it on level 8 of the Lair of Beasts)

   It inflicts extra damage upon your enemies.
   It protects you from fire.
 j - the +9,+7 eveningstar "Brin" {elec, Dex+2}
   (Xom gifted it to you on level 6 of the Lair of Beasts)

   Occasionally, upon striking a foe, it will discharge some electrical energy
   and cause terrible harm.
   It affects your dexterity (+2).
 w - the +9,+8 flail "Thraunkecko" (weapon) {vamp, rF+ rN+}
   (You found it on level 2 of the Lair of Beasts)

   It inflicts no extra harm, but heals its wielder somewhat when it strikes a
   living foe.
   It protects you from fire.
   It protects you from negative energy.
Armour
 e - a +1 plate armour (worn)
 l - a +0 pair of gloves (worn)
 n - a +0 cloak (worn)
 T - a +0 shield (worn)
Magical devices
 r - a wand of hasting (1)
 t - a wand of random effects (7)
 D - a wand of digging (10)
 J - a wand of lightning (6)
 P - a wand of lightning (3)
 Q - a wand of digging (1)
 X - a wand of polymorph (11)
 Y - a wand of disintegration (5)
Comestibles
 c - 7 meat rations
 g - 11 sultanas
 o - 7 bread rations
 s - 4 chokos
 H - 5 lemons
 S - 4 royal jellies
Scrolls
 i - 13 scrolls of remove curse
 m - 3 scrolls of magic mapping
 x - 3 scrolls of blinking
 y - 4 scrolls of amnesia
 z - a scroll of fear
 E - 6 scrolls of teleportation
 F - 3 scrolls of fog
 G - a scroll of enchant weapon II
 K - a scroll of enchant weapon I
 M - a scroll of immolation
 U - 4 scrolls of identify
 V - a scroll of vulnerability
Jewellery
 d - an uncursed ring of wizardry
 f - a ring of flight (right hand)
 h - a cursed ring of protection from fire
 v - the ring of Robustness (left hand) {AC+8}
   (You found it on level 4 of the Dungeon)

   [ring of protection]

   It affects your AC (+8).
 A - an amulet of guardian spirit (around neck)
 I - an uncursed ring of ice
Potions
 k - 5 potions of brilliance
 p - 2 potions of heal wounds
 q - 7 potions of curing
 C - a potion of might
 O - 3 potions of haste
 Z - a potion of resistance
Books
 B - the Guide on Blistering Creation
   (You found it on level 8 of the Lair of Beasts)

   Spells                             Type                      Level
   Fire Brand                         Charms/Fire                  2
   Throw Flame                        Conjuration/Fire             2
   Call Canine Familiar               Summoning                    3
   Summon Demon                       Summoning                    5
   Monstrous Menagerie                Summoning                    6
Miscellaneous
 u - a legendary deck of destruction
 L - a lantern of shadows
 N - a fan of gales


   Skills:
 + Level 12.8 Fighting
   Level 12.9 Axes
 + Level 14.2 Maces & Flails
 + Level 12.3 Armour
 + Level 6.9 Dodging
 + Level 6.1 Stealth
 + Level 12.3 Shields
 + Level 2.5 Evocations


You had 13 spell levels left.
You didn't know any spells.

Dungeon Overview and Level Annotations

Branches:
Dungeon (10/15)            Temple (1/1) D:7             Orc (4/4) D:10
    Elf (0/3) Orc:4          Lair (8/8) D:10         Shoals (0/5) Lair:5
  Snake (0/5) Lair:6        Slime (0/6) Lair:8

Altars:
Ashenzari
Cheibriados
Dithmenos
Elyvilon
Fedhas
Kikubaaqudgha
Makhleb
Nemelex Xobeh
Okawaru
Sif Muna
Trog
Vehumet
Xom
Yredelemnul
Zin
The Shining One
Beogh
Jiyva

Shops:
Orc:4 %(*

Annotations:
Orc:4 Saint Roka
Lair:2 exclusion: 2 oklob plants


Innate Abilities, Weirdness & Mutations

You have stony skin.
Your flesh is almost immune to the effects of heat.
Your fire spells are more powerful.
Your flesh is vulnerable to cold.
Your heat harms attackers.
You bathe your surroundings in blazing heat.
You are too hot to use scrolls.
You are very good at protecting items from fire.
You can tolerate rotten meat.
You have a pair of small horns on your head.
You have razor-sharp toenails.
You are partially covered in rugged brown scales (AC +1, +3% HP).
You possess an exceptional clarity of mind.
Your mind is acute. (Int +2)
Your body is slowly deteriorating.
You digest meat inefficiently.
You are frail (-10% HP).
You have an increased reservoir of magic (+10% MP).
You are resistant to hostile enchantments.
You are resistant to electric shocks.
You have a slow metabolism.
Your spells are a little harder to cast, but a little more powerful.
You evolve.


Message History

You destroy the orc zombie!
The orc priest shouts, "Join the one true god or die!"
The orc wizard gestures wildly while chanting.
The orc wizard blinks!
The orc sorcerer casts a spell.
Saint Roka calls down the wrath of Beogh upon you.
Something smites you!
* * * LOW HITPOINT WARNING * * *
Xom thinks this is hilarious!
The orc zombie is blasted by your radiant heat.
You destroy the orc zombie!
The orc zombie is burned by your radiant heat.
You block the orc zombie's attack.
The warg zombie is burned by your radiant heat.
You block the warg zombie's attack.
Things that are here:
a chain mail; a ring mail; 2 tomahawks Saint Roka shoots a bolt of flame.
The bolt of flame hits you! You resist.
You die...
Xom is highly amused!

................#....#.##
.....##########......###
...### ##.....### ..##
#..#....## ..# #.
####.#.....## .##
#'###o##8)#........# .#
...o.4.ozZ(.8.....## .#
.§.8.oo4z[).......# .#
...3o4oo.@.8....## .##
§###+##8.#......## ..#
####.......##### ..##
#.........)..## #..###
##.#.)######...#
##...##########.....#)...#..##
###................').._#.##
############.....######.#
####.).#.........#


You could see Saint Roka, an orc knight (frenzied), an ice devil, an orange
demon, a sixfirhy, a blue devil, 2 orc sorcerers, 2 orc priests, 2 orcs, a warg
zombie and 2 orc zombies.

Vanquished Creatures
  Rupert (Lair:6)
  Gastronok (Lair:2)
  The ghost of Kae the Bludgeoner, a powerful MiFi of Okawaru (Lair:7)
  A grey draconian (Lair:3)
  Fannar (Lair:6)
  Harold (Lair:6)
  Josephine (Orc:4)
  Nessos (Orc:4)
  6 hydras
  The ghost of Kae the Bludgeoner, an experienced MiFi of Okawaru (D:8)
  3 death yaks (Lair:3)
  Nergalle (Lair:4)
  2 catoblepae
  Joseph (D:8)
  2 griffons
  6 black mambas
  An orc sorcerer (Orc:1)
  12 elephants
  3 feature mimics
  19 spiny frogs
  Psyche (Orc:1)
  A two-headed ogre (D:9)
  4 fire drakes
  A komodo dragon (Lair:8)
  4 giant leeches (Lair:8)
  6 trolls
  A grizzly bear (Lair:2)
  2 basilisks
  13 blink frogs
  8 sharks
  3 elephant slugs
  61 yaks
  6 humans (Volcano)
  6 hippogriffs
  Eustachio (Orc:1)
  3 toenail golems (Volcano)
  A wyvern (Lair:8)
  A deep elf fighter (D:10)
  A hill giant skeleton (D:8)
  3 wolves (Lair:5)
  14 water moccasins
  A naga (Lair:6)
  8 hell hounds (Volcano)
  A necrophage (D:9)
  6 wargs
  9 vampire mosquitoes (Lair:8)
  2 ice beasts
  8 porcupines
  32 orc warriors
  A black bear (Lair:2)
  A sky beast (D:5)
  7 giant goldfish
  12 ogres
  12 crocodiles
  Sigmund (D:4)
  7 giant slugs
  4 centaurs
  30 giant frogs
  3 scorpions
  5 electric eels (Lair:4)
  A yak skeleton (D:8)
  A quasit (D:8)
  5 big fish (Lair:4)
  2 crimson imps
  10 hounds
  4 jellies
  30 orc priests
  2 centaur skeletons
  2 goliath beetles
  4 spectral orcs (Lair:4)
  4 worker ants
  A black bear skeleton (D:7)
  2 gnoll shamans
  5 iguanas
  2 iron imps
  A killer bee zombie (D:6)
  30 orc wizards
  A troll simulacrum (Orc:4)
  11 sheep
  2 mummies
  A worker ant zombie (D:7)
  16 gnolls
  10 orc zombies (Orc:4)
  A green rat (shapeshifter) (D:9)
  50 green rats
  3 shadow imps
  24 adders
  A giant mite (D:7)
  3 white imps
  6 worms
  5 ufetubi
  An iguana skeleton (D:4)
  2 giant eyeballs
  7 giant geckos
  9 oozes
  174 orcs
  6 giant cockroaches
  12 goblins
  17 hobgoblins
  14 kobolds
  14 quokkas
  14 ball pythons
  26 bats
  6 giant newts
  A giant newt zombie (D:3)
  A goblin skeleton (D:3)
  24 jackals
  3 orc skeletons (Orc:4)
  A quokka skeleton (D:6)
  46 rats
  6 fungi
  A plant (Lair:8)
981 creatures vanquished.

Vanquished Creatures (collateral kills)
  4 spectral orcs (Lair:4)
  An elephant (Lair:7)
  A spiny frog (Lair:4)
  A water moccasin (Lair:5)
  A quasit (Lair:2)
  A gnoll (D:10)
  A quokka (Lair:4)
  A plant (Lair:7)
11 creatures vanquished.

Vanquished Creatures (others)
  3 spiny frogs (Lair:8)
  A hellwing (Lair:4)
  2 yaks (Lair:8)
  A water moccasin (Lair:8)
  3 giant frogs (Lair:8)
  3 crimson imps
  2 quasits
  An iguana (D:8)
  An orc wizard (Orc:4)
  A shadow imp (Lair:2)
  2 ufetubi (Lair:2)
  An orc zombie (D:4)
  A rat (Lair:2)
  11 fungi
  7 plants
40 creatures vanquished.

Grand Total: 1032 creatures vanquished

Notes
Turn   | Place    | Note
--------------------------------------------------------------
     0 | D:1      | gheis, the Lava Orc Chaos Knight, began the quest for the Orb.
     0 | D:1      | Reached XP level 1. HP: 19/19 MP: 1/1
   375 | D:1      | Reached skill level 4 in Fighting
   492 | D:1      | Reached XP level 2. HP: 24/27 MP: 2/2
   830 | D:2      | XOM: harmless Erth miscast
   842 | D:2      | Reached skill level 1 in Dodging
   883 | D:2      | XOM: harmless Hex miscast
   959 | D:2      | XOM: harmless Erth miscast
  1026 | D:2      | Reached XP level 3. HP: 34/34 MP: 3/3
  1037 | D:2      | XOM: harmless Tloc miscast
  1219 | D:2      | Reached XP level 4. HP: 34/41 MP: 4/4
  1263 | D:2      | Found an ancient bone altar of Kikubaaqudgha.
  1264 | D:2      | Found a shattered altar of Ashenzari.
  1267 | D:2      | Found a basalt altar of Yredelemnul.
  1399 | D:3      | Reached skill level 1 in Stealth
  1412 | D:3      | Reached XP level 5. HP: 44/47 MP: 5/5
  1732 | D:3      | XOM: harmless Hex miscast
  1752 | D:3      | Found a glowing drain.
  1771 | D:3      | XOM: potion effect (might)
  1796 | Sewer    | Entered a sewer
  1968 | Sewer    | XOM: noise
  2080 | Sewer    | Reached skill level 5 in Axes
  2088 | Sewer    | Reached XP level 6. HP: 49/55 MP: 6/6
  2089 | Sewer    | XOM: divination: magic mapping
  2177 | Sewer    | XOM: polymorph giant frog -> giant eyeball
  2179 | Sewer    | Paralysed by a giant eyeball for 3 turns
  2187 | Sewer    | Paralysed by a giant eyeball for 3 turns
  2192 | Sewer    | Paralysed by a giant eyeball for 2 turns
  2194 | Sewer    | Reached skill level 5 in Fighting
  2198 | Sewer    | Paralysed by a giant eyeball for 2 turns
  2204 | Sewer    | Paralysed by a giant eyeball for 2 turns
  2211 | Sewer    | Paralysed by a giant eyeball for 3 turns
  3095 | D:4      | Noticed Sigmund
  3097 | D:4      | XOM: give mutations
  3097 | D:4      | Gained mutation: You are partially covered in rugged brown scales (AC +1, +3% HP). [Xom's grace]
  3097 | D:4      | Gained mutation: You have sharp toenails. [Xom's grace]
  3106 | D:4      | Killed Sigmund
  3106 | D:4      | Reached skill level 5 in Armour
  3106 | D:4      | Reached XP level 7. HP: 29/62 MP: 7/7
  3579 | D:5      | Entered Level 5 of the Dungeon
  3650 | D:5      | XOM: divination: detect creatures
  3676 | D:5      | Reached skill level 6 in Axes
  3683 | D:5      | Paralysed by a giant eyeball for 3 turns
  3930 | D:5      | Found a blossoming altar of Fedhas.
  3952 | D:5      | XOM: give mutations
  3952 | D:5      | Gained mutation: Your spells are a little harder to cast, but a little more powerful. [Xom's mischief]
  3952 | D:5      | Gained mutation: Your body is slowly deteriorating. [Xom's mischief]
  3952 | D:5      | Gained mutation: You are resistant to hostile enchantments. [Xom's mischief]
  3952 | D:5      | Gained mutation: You are frail (-10% HP). [Xom's mischief]
  4177 | D:6      | XOM: swap monsters
  4181 | D:6      | Reached XP level 8. HP: 64/64 MP: 8/8
  4298 | D:6      | Reached skill level 7 in Axes
  4654 | D:7      | XOM: noise
  4696 | D:7      | XOM: confuse monster(s)
  4704 | D:7      | XOM: blink monster(s)
  4777 | D:7      | XOM: enchant monster (bad)
  4786 | D:7      | Reached skill level 8 in Axes
  4917 | D:7      | XOM: summons 4 hostile demons
  4931 | D:7      | Reached XP level 9. HP: 36/72 MP: 7/10
  5153 | D:7      | Found a staircase to the Ecumenical Temple.
  5370 | Temple   | Entered the Ecumenical Temple
  5521 | D:8      | XOM: summons 2 hostile demons
  5534 | D:8      | XOM: repel stairs
  5584 | D:8      | Reached skill level 1 in Shields
  5595 | D:8      | Noticed Joseph
  5595 | D:8      | XOM: medium Necr miscast
  5599 | D:8      | XOM: divination: magic mapping
  5601 | D:8      | Noticed Kae's ghost (experienced MiFi)
  5602 | D:8      | XOM: cast spell 'Shadow Creatures'
  5620 | D:8      | Killed Joseph
  5620 | D:8      | Reached skill level 9 in Axes
  5623 | D:8      | Killed Kae's ghost
  6068 | D:8      | XOM: cast spell 'Ice Form'
  6127 | D:9      | XOM: confuse monster(s)
  6128 | D:9      | XOM: enchant monster (good)
  6138 | D:9      | XOM: potion effect (heal wounds)
  6141 | D:9      | Reached skill level 10 in Axes
  6141 | D:9      | Reached XP level 10. HP: 64/81 MP: 8/11
  6144 | D:9      | XOM: enchant monster (good)
  6275 | D:9      | XOM: mild Ice miscast
  6288 | D:9      | XOM: polymorph hound -> green rat
  6382 | D:9      | Reached skill level 11 in Axes
  6382 | D:9      | Reached skill level 5 in Shields
  6382 | D:9      | Reached skill level 5 in Stealth
  6776 | D:9      | XOM: confuse monster(s)
  7106 | D:10     | Entered Level 10 of the Dungeon
  7162 | D:10     | XOM: blink monster(s)
  7170 | D:10     | Reached XP level 11. HP: 73/88 MP: 10/12
  7381 | D:10     | Found Skocoew's Antique Armour Shoppe.
  7414 | D:10     | Skocoew's Antique Armour Shoppe was a mimic.
  7418 | D:10     | XOM: enchant monster (good)
  7421 | D:10     | Reached skill level 12 in Axes
  7508 | D:10     | Found a staircase to the Orcish Mines.
  7627 | D:10     | Found a staircase to the Lair.
  7640 | D:10     | XOM: scenery: 1 doors close
  8014 | Lair:1   | Entered Level 1 of the Lair of Beasts
  8040 | Lair:1   | XOM: medium Tloc miscast
  8040 | Lair:1   | Cast into the Abyss (the capriciousness of Xom)
  8092 | Lair:1   | Escaped the Abyss
  8245 | Lair:1   | XOM: cast spell 'Metabolic Englaciation'
  8403 | Lair:1   | XOM: confusion (+ monsters)
  8560 | Lair:1   | XOM: summons 4 friendly demons
  8679 | Lair:1   | XOM: stat loss: -1 Dex (9/10)
  8818 | Lair:2   | XOM: blink monster(s)
  8883 | Lair:2   | Reached skill level 1 in Evocations
  9107 | Lair:2   | Got a fine flail
  9112 | Lair:2   | Identified the +9,+8 flail "Thraunkecko" {vamp, rF+ rN+} (You found it on level 2 of the Lair of Beasts)
  9165 | Lair:2   | XOM: mild Conj miscast
  9345 | Lair:2   | XOM: polymorph plant -> oklob plant
  9352 | Lair:2   | XOM: divination: detect items
  9353 | Lair:2   | XOM: summons 2 friendly demons
  9356 | Lair:2   | XOM: enchant monster (good)
  9402 | Lair:2   | Reached skill level 1 in Maces & Flails
  9546 | Lair:2   | XOM: cast spell 'Confusing Touch'
  9776 | Lair:2   | XOM: polymorph fungus -> oklob plant
  9778 | Lair:2   | XOM: summons friendly quasit
  9790 | Lair:2   | XOM: vitrification
  9833 | Lair:2   | Noticed Gastronok
  9842 | Lair:2   | XOM: divine lightning (protected)
  9852 | Lair:2   | Killed Gastronok
  9881 | Lair:2   | Reached skill level 5 in Dodging
  9913 | Lair:2   | XOM: inner flame monster(s)
  9916 | Lair:2   | XOM: summons 2 friendly demons
 10081 | Lair:2   | Reached skill level 10 in Fighting
 10319 | Lair:3   | XOM: divination: magic mapping
 10326 | Lair:3   | XOM: potion effect (berserk rage)
 10338 | Lair:3   | Reached skill level 5 in Maces & Flails
 10342 | Lair:3   | Reached XP level 12. HP: 98/98 MP: 14/14
 10432 | Lair:3   | XOM: 2-stop teleportation journey
 10433 | Lair:3   | Noticed a death yak
 10433 | Lair:3   | Noticed a death yak
 10433 | Lair:3   | Noticed a death yak
 10433 | Lair:3   | Noticed a death yak
 10442 | Lair:3   | Noticed a grey draconian
 10442 | Lair:3   | a death yak changed into a grey draconian
 10442 | Lair:3   | XOM: polymorph death yak -> grey draconian
 10452 | Lair:3   | Killed a death yak
 10455 | Lair:3   | XOM: cast spell 'Cause Fear'
 10458 | Lair:3   | XOM: confuse monster(s)
 10466 | Lair:3   | Killed a death yak
 10479 | Lair:3   | Killed a grey draconian
 10490 | Lair:3   | XOM: divination: detect items
 10493 | Lair:3   | Killed a death yak
 10562 | Lair:3   | XOM: potion effect (invisibility)
 10630 | Lair:3   | Gained mutation: You are resistant to electric shocks. [potion of mutation]
 10630 | Lair:3   | Gained mutation: You digest meat inefficiently. [potion of mutation]
 10911 | Lair:3   | XOM: potion effect (haste)
 10975 | Lair:3   | XOM: mild Summ miscast
 11033 | Lair:3   | XOM: colour smoke trail
 11134 | Lair:3   | XOM: harmless Tloc miscast
 11310 | Lair:4   | XOM: divination: detect creatures
 11310 | Lair:4   | the was a mimic.
 11318 | Lair:4   | Noticed a four-headed hydra
 11320 | Lair:4   | Noticed Nergalle
 11320 | Lair:4   | XOM: confuse monster(s)
 11321 | Lair:4   | Noticed Rupert
 11331 | Lair:4   | Killed a four-headed hydra
 11331 | Lair:4   | Reached skill level 10 in Armour
 11331 | Lair:4   | Paralysed by Rupert for 6 turns
 11345 | Lair:4   | XOM: enchant monster (good)
 11362 | Lair:4   | XOM: confuse monster(s)
 11364 | Lair:4   | XOM: noise
 11365 | Lair:4   | XOM: enchant monster (bad)
 11369 | Lair:4   | XOM: 1-stop teleportation journey
 11373 | Lair:4   | XOM: mild Necr miscast
 11599 | Lair:4   | Killed Nergalle
 11843 | Lair:4   | XOM: summons 3 hostile shadow creatures
 11844 | Lair:4   | Noticed a seven-headed hydra
 11855 | Lair:4   | Killed a seven-headed hydra
 12047 | Lair:4   | XOM: harmless Chrm miscast
 12198 | Lair:4   | XOM: summons 5 hostile shadow creatures
 12206 | Lair:4   | XOM: summons 2 friendly demons
 12252 | Lair:4   | XOM: silly message
 12504 | Lair:4   | XOM: vitrification
 12512 | Lair:4   | XOM: give mutations
 12512 | Lair:4   | Gained mutation: You are partially covered in icy blue scales (AC +1). [Xom's grace]
 12512 | Lair:4   | Gained mutation: You evolve. [Xom's grace]
 12512 | Lair:4   | Gained mutation: You have a slow metabolism. [Xom's grace]
 12750 | Lair:5   | XOM: give mutations
 12750 | Lair:5   | Gained mutation: Your mind is acute. (Int +2) [Xom's grace]
 12750 | Lair:5   | Gained mutation: You have an increased reservoir of magic (+10% MP). [Xom's grace]
 12750 | Lair:5   | Gained mutation: You have a pair of small horns on your head. [Xom's grace]
 13154 | Lair:5   | Found a staircase to the Shoals.
 13205 | Lair:5   | XOM: divination: detect items
 13216 | Lair:5   | Gained mutation: You have razor-sharp toenails. [evolution]
 13243 | Lair:5   | XOM: give mutation
 13243 | Lair:5   | Gained mutation: You possess an exceptional clarity of mind. [Xom's grace]
 13269 | Lair:5   | XOM: noise
 13316 | Lair:5   | XOM: summons friendly white imp
 13319 | Lair:5   | XOM: 1-stop teleportation journey
 13736 | Lair:5   | XOM: cast spell 'Dragon Form'
 13826 | Lair:6   | XOM: potion effect (might)
 13836 | Lair:6   | XOM: noise
 13841 | Lair:6   | XOM: noise
 13932 | Lair:6   | Found a staircase to the Snake Pit.
 14063 | Lair:6   | XOM: 2-stop teleportation journey
 14104 | Lair:6   | Reached XP level 13. HP: 105/105 MP: 15/17
 14106 | Lair:6   | Reached skill level 10 in Maces & Flails
 14165 | Lair:6   | XOM: confuse monster(s)
 14186 | Lair:6   | Reached skill level 10 in Shields
 14212 | Lair:6   | Noticed Harold
 14220 | Lair:6   | XOM: harmless Trmt miscast
 14227 | Lair:6   | Killed Harold
 14324 | Lair:6   | Killed Rupert
 14356 | Lair:6   | Noticed Fannar
 14368 | Lair:6   | Killed Fannar
 14441 | Lair:6   | XOM: 3-stop teleportation journey
 14496 | Lair:6   | XOM: harmless Divn miscast
 14578 | Lair:6   | XOM: mild Chrm miscast
 14580 | Lair:6   | XOM: colour smoke trail
 14621 | Lair:6   | XOM: god gift: brightly glowing eveningstar {god gift}
 14622 | Lair:6   | Got a brightly glowing eveningstar {god gift}
 14623 | Lair:6   | Identified the +9,+7 eveningstar "Brin" {elec, Dex+2} (Xom gifted it to you on level 6 of the Lair of Beasts)
 14737 | Lair:6   | XOM: mild Ice miscast
 15101 | Lair:7   | XOM: divination: magic mapping
 15123 | Lair:7   | Noticed Kae's ghost (powerful MiFi)
 15148 | Lair:7   | XOM: potion effect (curing)
 15158 | Lair:7   | Killed Kae's ghost
 15179 | Lair:7   | XOM: summons 5 friendly demons
 15183 | Lair:7   | XOM: divination: magic mapping
 15254 | Lair:7   | XOM: polymorph six-headed hydra -> griffon
 15391 | Lair:7   | XOM: confuse monster(s)
 15395 | Lair:7   | XOM: divination: detect items
 15400 | Lair:7   | XOM: vitrification
 15618 | Lair:7   | XOM: enchant monster (good)
 15686 | Lair:7   | XOM: medium Fire miscast
 15779 | Lair:7   | XOM: god gift: apple
 15788 | Lair:7   | XOM: inner flame monster(s)
 15794 | Lair:7   | XOM: divination: detect creatures
 15886 | Lair:8   | Entered Level 8 of the Lair of Beasts
 15886 | Lair:8   | Found a staircase to the Slime Pits.
 15886 | Lair:8   | Found a viscous altar of Jiyva.
 15896 | Lair:8   | XOM: enchant monster (good)
 15912 | Lair:8   | XOM: divine lightning
 15914 | Lair:8   | Reached skill level 13 in Maces & Flails
 15915 | Lair:8   | XOM: 2-stop teleportation journey
 15929 | Lair:8   | Lost mutation: You are partially covered in icy blue scales (AC +1). [evolution]
 15944 | Lair:8   | XOM: 5-stop teleportation journey
 15946 | Lair:8   | XOM: potion effect (magic)
 15976 | Lair:7   | XOM: colour smoke trail
 16220 | Lair:7   | XOM: harmless Divn miscast
 16241 | Lair:7   | XOM: harmless Hex miscast
 16308 | Lair:8   | Reached XP level 14. HP: 115/115 MP: 17/19
 16338 | Lair:8   | XOM: enchant monster (bad)
 16362 | Lair:8   | XOM: enchant monster (good)
 16453 | Lair:8   | Got a crude trident
 16458 | Lair:8   | Identified the +7,+5 trident "Killer Bee's Peril" {pierce, rF+} (You found it on level 8 of the Lair of Beasts)
 16708 | Lair:8   | XOM: noise
 16858 | Lair:8   | XOM: mild Hex miscast
 16951 | Lair:8   | XOM: harmless Necr miscast
 17004 | Lair:8   | XOM: cast spell 'Confusing Touch'
 17169 | Lair:8   | Got a polished chain mail
 17170 | Lair:8   | Identified the +1 chain mail of Impressiveness {rF+ Dam-1} (You found it on level 8 of the Lair of Beasts)
 17190 | Lair:8   | XOM: silly message
 17192 | Lair:8   | Identified the Guide on Blistering Creation (You found it on level 8 of the Lair of Beasts)
 17286 | Lair:8   | XOM: divination: detect creatures
 17545 | Lair:7   | XOM: colour smoke trail
 17628 | Lair:6   | XOM: harmless Summ miscast
 17817 | Orc:1    | Entered Level 1 of the Orcish Mines
 17846 | Orc:1    | Noticed Eustachio
 17863 | Orc:1    | Killed Eustachio
 18062 | Orc:1    | XOM: medium Ice miscast
 18088 | Orc:1    | XOM: silly message
 18189 | Orc:1    | Noticed Psyche
 18194 | Orc:1    | Killed Psyche
 18686 | Orc:2    | Found a roughly hewn altar of Beogh.
 18779 | Orc:2    | XOM: cast spell 'Spider Form'
 18895 | Orc:3    | Found a staircase to the Elven Halls.
 18957 | Orc:3    | the staircase to the Elven Halls was a mimic.
 19157 | Orc:3    | XOM: divination: detect creatures
 19351 | Orc:3    | XOM: medium Fire miscast
 19589 | Orc:2    | XOM: mild Ice miscast
 19693 | Orc:4    | Entered Level 4 of the Orcish Mines
 19693 | Orc:4    | Found a staircase to the Elven Halls.
 19714 | Orc:4    | XOM: god gift: 50 gold pieces
 19788 | Orc:4    | XOM: mild Pois miscast
 19810 | Orc:4    | Found Kauke's Weapon Emporium.
 19832 | Orc:4    | Noticed Nessos
 19859 | Orc:4    | Killed Nessos
 19884 | Orc:4    | XOM: enchant monster (bad)
 19886 | Orc:4    | XOM: harmless Summ miscast
 19907 | Orc:4    | Reached skill level 14 in Maces & Flails
 19930 | Orc:4    | Found a roughly hewn altar of Beogh.
 19930 | Orc:4    | Found Tweu's General Store.
 20098 | Orc:4    | Found a roughly hewn altar of Beogh.
 20105 | Orc:4    | XOM: noise
 20151 | Orc:4    | Found a dark tunnel.
 20171 | Volcano  | Entered a volcano
 20192 | Volcano  | XOM: divination: magic mapping
 20224 | Volcano  | XOM: 8-stop teleportation journey
 20235 | Volcano  | XOM: summons 4 hostile shadow creatures
 20363 | Volcano  | XOM: summons 4 hostile demons
 20375 | Volcano  | XOM: blink monster(s)
 20744 | Orc:4    | Noticed Josephine
 20753 | Orc:4    | Killed Josephine
 20758 | Orc:4    | Found a roughly hewn altar of Beogh.
 20770 | Orc:4    | XOM: summons 3 hostile shadow creatures
 21131 | Orc:4    | Found a roughly hewn altar of Beogh.
 21133 | Orc:4    | Found Cloepruh's Food Emporium.
 21189 | Orc:4    | XOM: mild Trmt miscast
 21254 | Orc:4    | Found a roughly hewn altar of Beogh.
 21357 | Orc:4    | Noticed Saint Roka
 21364 | Orc:4    | XOM: blink monster(s)
 21378 | Orc:4    | HP: 1/117 [Saint Roka/divine providence (13)]
 21379 | Orc:4    | Shot with a bolt of flame by Saint Roka

Action                   |  1- 3 |  4- 6 |  7- 9 | 10-12 | 13-15 || total
-------------------------+-------+-------+-------+-------+-------++-------
Melee: Hand axe          |   145 |   341 |   237 |    73 |       ||   796
       War axe           |       |       |   160 |   367 |       ||   527
       Flail             |       |       |       |   573 |  1449 ||  2022
 Abil: Evoke Flight      |       |       |       |     2 |     4 ||     6
Evoke: Wand              |       |       |     5 |    13 |    21 ||    39
       Fan of gales      |       |       |       |     1 |       ||     1
  Use: Scroll            |     3 |     6 |     8 |    12 |     5 ||    34
       Potion            |     5 |     1 |     5 |    11 |     5 ||    27
 Stab: Paralysed         |     5 |     7 |     6 |    12 |       ||    30
       Petrified         |       |     3 |       |       |       ||     3
       Confused          |       |     1 |     3 |     4 |     5 ||    13
       Distracted        |       |       |       |     2 |       ||     2
       Invisible         |       |       |       |     1 |       ||     1
